 Dungeon Sprint DCSS version 0.20-a0-1101-g1de9d76 (webtiles) character file.

4200000 potatolord5000 the Conqueror (level 23, -8/240 HPs)
             Began as a Minotaur Fighter on May 4, 2017.
             Was a High Priest of Makhleb.
             Engulfed by a cloud of flame (23 damage)
             ... in the Dungeon (Sprint VIII: "Arena of Blood").
             The game lasted 00:02:45 (42 turns).

potatolord5000 the Conqueror (Minotaur Fighter)       Turns: 42, Time: 00:02:46

Health: -8/240     AC: 13    Str: 27    XL:     23   Next: 43%
Magic:  21/53      EV: 28    Int:  5    God:    Makhleb [*****.]
Gold:   0          SH:  0    Dex: 14    Spells: 76/76 levels left

rFire    . . .     SeeInvis .   k - +∞ Axe of Woe
rCold    . . .     Gourm    .   (shield currently unavailable)
rNeg     . . .     Faith    .   a - +0 scale mail
rPois    .         Spirit   .   (helmet restricted)
rElec    .         Reflect  .   (no cloak)
rCorr    .         Harm     .   (no gloves)
MR       +....     NoTele   +   (no boots)
Stlth    ++++++++..             (no amulet)
Regen    0.5/turn               (no ring)
MPRegen  0.4/turn               (no ring)

@: no status effects
A: retaliatory headbutt, horns 2
a: Minor Destruction, Lesser Servant of Makhleb, Major Destruction, Greater
Servant of Makhleb, Renounce Religion


You were in the Dungeon.
You worshipped Makhleb.
Makhleb was extremely pleased with you.
You were not hungry.

You visited 1 branch

Inventory:

Hand Weapons
 k - the +∞ Axe of Woe (weapon)
   (You found it in the Dungeon)
Armour
 a - a +0 scale mail (worn)
 b - a +0 shield
Scrolls
 j - a scroll of blinking
Potions
 c - a potion of might
 e - a potion of curing
 g - a potion of haste
 h - 2 potions of magic
 i - a potion of berserk rage
Comestibles
 d - a bread ration


   Skills:
 O Level 27 Fighting
 O Level 27 Axes
 O Level 27 Throwing
 O Level 27 Armour
 O Level 27 Dodging
 O Level 27 Stealth
 O Level 27 Shields
 O Level 27 Unarmed Combat
 O Level 27 Spellcasting
 O Level 27 Invocations


You had 76 spell levels left.
You didn't know any spells.

Dungeon Overview and Level Annotations

Branches:
Dungeon (1/1)

Altars:
Makhleb


Innate Abilities, Weirdness & Mutations

You reflexively headbutt those who attack you in melee.
You have a pair of horns on your head.


Message History

* * * LOW HITPOINT WARNING * * *
You hear a shout!
The destroyer blinks!
The eight-headed meat hydra calls on the powers of darkness!
The eight-headed meat hydra convulses!
The large bag of meat convulses!
Your body is wracked with pain!
* * * LOW HITPOINT WARNING * * *
The bag of meat convulses! x2
You hear a shout!
The large bag of meat is engulfed in freezing vapours.
The large bag of meat hits your blizzard demon with a +9 giant spiked club!!!!
Your blizzard demon dies!
Your green death is engulfed in blazing flames.
Your green death hits the large bag of meat!
You hear a shout!
The bag of meat is engulfed in freezing vapours.
A bag of meat comes into view. It is wielding a +9 war axe.
Unknown command.
You are engulfed in blazing flames.
You die...

...... .. .....
#. ....# #%. ...#
.. .###%.
...###...
......###........
.....§§.)D......
#.§§§)# #_§O2@#
#§o§§§#
..%%§.o§2V§.....
......###V.%.....
.###.. ...###...
#.. ...# .. #.
....# .o .....
....o.


You could see an eight-headed meat hydra, 2 destroyers, a large bag of meat
(inner flame), 2 bags of meat and 2 friendly green deaths.

Vanquished Creatures
  7 ogres (D)
  4 two-headed ogres (D)
  27 orcs (D)
38 creatures vanquished.

Notes
Turn   | Place    | Note
-------+----------+-------------------------------------------
     0 | D        | potatolord5000 the Minotaur Fighter began the quest for the Orb.
     0 | D        | Reached XP level 1. HP: 19/19 MP: 0/0
     2 | D        | Noticed a bag of meat
     2 | D        | Noticed a bag of meat
     3 | D        | Noticed a bag of meat
     3 | D        | Noticed a bag of meat
     4 | D        | Noticed a bag of meat
     4 | D        | Noticed a bag of meat
     4 | D        | Noticed a bag of meat
     5 | D        | Noticed a bag of meat
     5 | D        | Noticed a meat berserker
     9 | D        | Killed a bag of meat
     9 | D        | Reached XP level 2. HP: 55/55 MP: 1/1
     9 | D        | Reached XP level 3. HP: 62/62 MP: 2/2
     9 | D        | Reached XP level 4. HP: 70/70 MP: 3/3
     9 | D        | Reached XP level 5. HP: 77/77 MP: 4/4
     9 | D        | Reached XP level 6. HP: 85/85 MP: 5/5
     9 | D        | Reached XP level 7. HP: 92/92 MP: 6/6
     9 | D        | Reached XP level 8. HP: 100/100 MP: 7/7
     9 | D        | Reached XP level 9. HP: 107/107 MP: 8/8
     9 | D        | Reached XP level 10. HP: 115/115 MP: 9/9
     9 | D        | Reached XP level 11. HP: 123/123 MP: 10/10
    10 | D        | Killed a bag of meat
    10 | D        | Reached XP level 12. HP: 137/137 MP: 11/11
    10 | D        | Killed a bag of meat
    10 | D        | Reached XP level 13. HP: 148/148 MP: 12/12
    11 | D        | Killed a meat berserker
    11 | D        | Reached XP level 14. HP: 165/165 MP: 13/13
    11 | D        | Killed a bag of meat
    11 | D        | Reached skill level 27 in Fighting
    11 | D        | Reached skill level 27 in Axes
    11 | D        | Reached skill level 27 in Armour
    11 | D        | Reached skill level 5 in Throwing
    11 | D        | Reached XP level 15. HP: 174/174 MP: 14/14
    12 | D        | Reached skill level 15 in Throwing
    13 | D        | Reached XP level 16. HP: 183/183 MP: 15/15
    14 | D        | Noticed a meat berserker
    14 | D        | Became a worshipper of Makhleb the Destroyer
    16 | D        | Noticed a meat berserker
    18 | D        | Noticed a meat berserker
    18 | D        | Killed a meat berserker
    18 | D        | Reached * piety under Makhleb
    18 | D        | Reached XP level 17. HP: 131/191 MP: 16/16
    19 | D        | Noticed a meat berserker
    22 | D        | Noticed a meat berserker
    22 | D        | Reached ** piety under Makhleb
    22 | D        | Reached skill level 27 in Unarmed Combat
    23 | D        | Reached XP level 18. HP: 147/200 MP: 16/27
    25 | D        | Killed a meat berserker
    25 | D        | Reached skill level 27 in Throwing
    25 | D        | Noticed a large bag of meat
    26 | D        | Reached *** piety under Makhleb
    26 | D        | Reached XP level 19. HP: 207/207 MP: 17/33
    27 | D        | Noticed a large bag of meat
    27 | D        | Killed a meat berserker
    27 | D        | Reached **** piety under Makhleb
    27 | D        | Reached skill level 27 in Dodging
    27 | D        | Reached skill level 27 in Invocations
    27 | D        | Reached skill level 5 in Shields
    27 | D        | Killed a meat berserker
    27 | D        | Reached skill level 15 in Shields
    27 | D        | Killed a meat berserker
    27 | D        | Reached skill level 15 in Stealth
    27 | D        | Reached XP level 20. HP: 216/216 MP: 17/36
    28 | D        | Noticed a large bag of meat
    29 | D        | Reached ***** piety under Makhleb
    30 | D        | Noticed a large bag of meat
    30 | D        | Reached skill level 15 in Spellcasting
    30 | D        | Reached XP level 21. HP: 224/224 MP: 17/40
    30 | D        | Reached skill level 27 in Shields
    32 | D        | Noticed a large bag of meat
    32 | D        | Killed a large bag of meat
    33 | D        | Killed a large bag of meat
    33 | D        | Reached skill level 27 in Stealth
    33 | D        | Reached XP level 22. HP: 233/233 MP: 18/49
    34 | D        | Killed a large bag of meat
    34 | D        | Reached ****** piety under Makhleb
    34 | D        | Reached skill level 27 in Spellcasting
    35 | D        | Noticed a destroyer
    38 | D        | Killed a large bag of meat
    38 | D        | Reached XP level 23. HP: 15/240 MP: 19/53
    38 | D        | HP: 2/240 [something (13)]
    39 | D        | Noticed a destroyer
    42 | D        | Engulfed by a cloud of flame

Vault maps used:
D:        meatsprint

Skill      XL: |  1  2  3  4  5  6  7  8  9 10 11 12 13 14 15 16 17 18 19 20 21 22 |
---------------+-------------------------------------------------------------------+-----
Fighting       | 19 21 23 26 27 | 27.0
Axes           | 19 21 23 26 27 | 27.0
Armour         | 19 21 23 26 27 | 27.0
Throwing       | 5 17 23 26 27 | 27.0
Unarmed Combat | 6 19 24 27 | 27.0
Dodging        | 14 23 27 | 27.0
Invocations    | 13 22 27 | 27.0
Stealth        | 15 20 27 | 27.0
Shields        | 19 25 27 | 27.0
Spellcasting   | 12 16 24 27 | 27.0

Action                   |  1- 3 |  4- 6 |  7- 9 | 10-12 | 13-15 | 16-18 | 19-21 | 22-24 || total
-------------------------+-------+-------+-------+-------+-------+-------+-------+-------++-------
Melee: Executioner's axe |     1 |       |       |     1 |     3 |     7 |     5 |     4 ||    21
Invok: Greater Servant o |       |       |       |       |       |       |     1 |     3 ||     4
  Use: Potion            |       |       |       |       |       |       |       |     1 ||     1
Dodge: Dodged            |       |       |       |     1 |       |       |     1 |     1 ||     3
